 Dungeon Crawl Stone Soup version 0.31-a0-216-g22e908daa7 (webtiles) character file.

Game seed: 15927766105944711537

116 qw the Shooter (level 5, 0/30 HPs)
             Began as a Gargoyle Hexslinger on July 2, 2023.
             Slain by a goblin
             ... wielding a +0 club
             ... led by Robin
              (5 damage)
             ... on level 2 of the Dungeon.
             The game lasted 00:00:37 (1290 turns).

qw the Shooter (Gargoyle Hexslinger)                Turns: 1290, Time: 00:00:37

Health: 0/30       AC:  6    Str: 12    XL:     5   Next: 0%
Magic:  6/6        EV: 12    Int: 13    God:
Gold:   154        SH:  0    Dex: 14    Spells: 5/6 levels left

rFire   . . .        Y - +1 sling (drain)
rCold   . . .        (no shield)
rNeg    + . .        c - +0 robe
rPois   inf          (no helmet)
rElec   +            (no cloak)
rCorr   .            (no gloves)
SInv    .            (no boots)
Will    .....        (no amulet)
Stlth   +            (no ring)
HPRegen 0.25/turn    (no ring)
MPRegen 0.10/turn

%: no passive effects
@: no status effects
A: sickness immunity, AC +4, negative energy resistance 1, electricity
resistance, torment resistance 1, petrification resistance
a: no special abilities


You were on level 2 of the Dungeon.
You visited 1 branch of the dungeon, and saw 2 of its levels.

You collected 154 gold pieces.


Innate Abilities, Weirdness & Mutations

You are immune to sickness and miasma.
Your stone body is resilient. (AC +4)
You are immune to poison.
You resist negative energy. (rN+)
You are resistant to electric shocks. (rElec)
You are resistant to unholy torment.
You are immune to petrification.


   Skills:
 - Level 2.0 Fighting
 + Level 4.7 Ranged Weapons
 - Level 1.5 Dodging
 - Level 1.0 Spellcasting
 - Level 2.6 Hexes


You had 5 spell levels left.
You knew the following spells:

 Your Spells              Type           Power      Damage    Failure   Level
a - Slow                  Hex            28%        N/A       10%         1

Your spell library contained the following spells:

 Spells                   Type           Power      Damage    Failure   Level
 Inner Flame              Hex/Fire       4%         N/A       43%         3
 Portal Projectile        Hex/Tloc       8%         N/A       43%         3
 Cause Fear               Hex            3%         N/A       67%         4

Inventory:

Hand Weapons
 Y - a +1 sling of draining (weapon)
Armour
 c - a +0 robe (worn)
Scrolls
 a - a scroll of identify
 b - a scroll of silence {unknown}
Potions
 d - a potion of mutation {unknown}
 e - a potion of heal wounds {unknown}
 g - a potion of brilliance {unknown}

Dungeon Overview and Level Annotations

Branches:
Dungeon (2/15)

Altars:

Annotations:
D:2 Robin


Message History

You shoot a sling bullet. The sling bullet hits the hobgoblin.
The hobgoblin is moderately wounded.
Robin hits you but does no damage.
A goblin comes into view. It is wielding a +0 club.
The hobgoblin closely misses you.
You shoot a sling bullet. The sling bullet hits the hobgoblin.
The hobgoblin is heavily wounded.
Robin hits you from afar with a +0 spear.
The hobgoblin barely misses you. x2
A goblin comes into view. It is wielding a +0 club.
The goblin hits you but does no damage.
You shoot a sling bullet.
The sling bullet barely misses the hobgoblin.
Robin closely misses you. The hobgoblin hits you.
The hobgoblin closely misses you. The goblin misses you.
A goblin comes into view. It is wielding a +0 dagger.
You shoot a sling bullet.
The sling bullet barely misses the hobgoblin.
The sling bullet barely misses the goblin.
Robin hits you but does no damage. The hobgoblin barely misses you.
The hobgoblin closely misses you. The goblin closely misses you.
You shoot a sling bullet. The sling bullet hits the hobgoblin!
You kill the hobgoblin!
Robin roars a battlecry!
A goblin comes into view. It is wielding a +0 dagger.
The hobgoblin hits you. The goblin hits you with a +0 dagger.
Robin barely misses you. The hobgoblin hits you.
The goblin closely misses you. x2
The goblin hits you but does no damage.
You shoot a sling bullet. The sling bullet hits the goblin.
You drain the goblin.
You kill the goblin!
Robin hits you but does no damage. The hobgoblin barely misses you.
The goblin hits you with a +0 club.
You have reached level 5!
You shoot a sling bullet. The sling bullet hits the hobgoblin.
You drain the hobgoblin.
The hobgoblin is almost dead.
Robin hits you from afar with a +0 spear.
The hobgoblin closely misses you. The goblin hits you with a +0 club.
You die...

... #.............. ...
#) #............ ...
#.########.....#######
... ###).............##
... ....g............#
###
#..g..........#.#####
#..g....#.#...#....%##
#..gggg.#.###.#####...
#...g@###.###.#######.
#....#)##.##.###......
#....##.....## #......
##### ##...## #......
##.)...####......
.#######.##.##.#........
...)....###.###.........
..#.###..##.# #.........
#....#.##.# #.........


You could see Robin (very drained), a hobgoblin (strong, very drained) and 6
goblins.

Vanquished Creatures
  Jessica (D:2)
  3 adders (D:2)
  6 ball pythons
  5 endoplasms
  7 goblins
  8 hobgoblins
  3 quokkas (D:1)
  11 bats
  2 frilled lizards (D:2)
  6 kobolds
  7 rats
59 creatures vanquished.

Notes
Turn   | Place    | Note
-------+----------+-------------------------------------------
     0 | D:1      | qw the Gargoyle Hexslinger began the quest for the Orb.
     0 | D:1      | Reached XP level 1. HP: 12/12 MP: 2/2
     0 | D:1      | 0 ||| qw: Version: 0.3-a-40-ge99b1a8
     0 | D:1      | 0 ||| qw: Game counter: 7929
     0 | D:1      | 0 ||| qw: Melee chars always use a shield: true
     0 | D:1      | 0 ||| qw: God list: Okawaru
     0 | D:1      | 0 ||| qw: Allow faded altars: false
     0 | D:1      | 0 ||| qw: Do Orc after clearing Dungeon:15 true
     0 | D:1      | 0 ||| qw: Do second Lair branch before Depths: true
     0 | D:1      | 0 ||| qw: Lair rune preference: random
     0 | D:1      | 0 ||| qw: Goals: Normal
     0 | D:1      | 0 ||| PLANNING D:1-11
     5 | D:1      | Noticed a black mamba
     8 | D:1      | Noticed an eight-headed hydra
    68 | D:1      | Reached XP level 2. HP: 16/16 MP: 3/3
   143 | D:1      | Reached skill level 3 in Ranged Weapons
   151 | D:1      | HP: 3/16 [quokka (3)]
   417 | D:1      | Reached XP level 3. HP: 21/21 MP: 4/4
   645 | D:1      | 645 ||| READING scroll labelled LOP TASAVOS.
   646 | D:1      | 646 ||| READING scroll labelled ROBRIA VENGOIN.
   647 | D:1      | 647 ||| READING scroll labelled HOXTEU ZAEGYELL.
   648 | D:1      | 648 ||| READING scroll labelled ABUQIDAURE.
   649 | D:1      | 649 ||| DROPPING scroll of poison.
   825 | D:2      | Noticed Jessica
   831 | D:2      | Killed Jessica
   832 | D:2      | Reached skill level 4 in Ranged Weapons
   832 | D:2      | Reached XP level 4. HP: 25/26 MP: 5/5
  1275 | D:2      | Noticed Robin
  1290 | D:2      | Reached XP level 5. HP: 8/30 MP: 6/6
  1290 | D:2      | HP: 5/30 [Robin/+0 spear (3)]
  1290 | D:2      | Slain by a goblin

Levels and vault maps discovered:
D:1:      sevenhm_arrival_forest_fort_small_2, layout_basic
D:2:      layout_basic, hex_intersection, uniq_robin, uniq_jessica

Skill      XL: |  1  2  3 |
---------------+----------+-----
Ranged Weapons | 3 4 |  4.7
Fighting       | 2 |  2.0
Dodging        | |  1.5
Spellcasting   | |  1.0
Hexes          | |  2.6

Action                     |  1- 3 |  4- 6 || total
---------------------------+-------+-------++-------
   Fire: Sling             |    92 |    60 ||   152
    Use: Scroll            |     4 |       ||     4
 Armour: Robe              |    12 |    12 ||    24
  Dodge: Dodged            |    24 |    27 ||    51

Table legend:
 A = Non-vault XP
 B = Vault XP
 C = Vault XP percentage of total XP
 D = Non-vault monster count
 E = Vault monster count
 F = Vault count percentage of total count
                 A         B        C        D         E       F
            +---------+---------+-------+---------+---------+-------
      Total |     119 |      47 |  28.3 |      53 |       6 |  10.2
            +---------+---------+-------+---------+---------+-------
        D:1 |      42 |       0 |   0.0 |      26 |       0 |   0.0
        D:2 |      77 |      47 |  37.9 |      27 |       6 |  18.2
            +---------+---------+-------+---------+---------+-------
